 Dungeon Crawl Stone Soup version 0.18-a0-1639-g7533f42 (webtiles) character file.

3516 dohliylev the Covert (level 9, -1/61 HPs)
             Began as a Vampire Enchanter on Mar 27, 2016.
             Was a Follower of Dithmenos.
             Shot with an arrow by a centaur (4 damage)
             ... on level 8 of the Dungeon.
             The game lasted 00:48:23 (7741 turns).

dohliylev the Covert (Vampire Enchanter)            Turns: 7741, Time: 00:48:23

Health: -1/61      AC:  5    Str:  7    XL:     9   Next: 81%
Magic:  18/18      EV: 15    Int: 20    God:    Dithmenos [*.....]
Gold:   334        SH:  2    Dex: 18    Spells: 4 memorised, 11 levels left

rFire  . . .     SeeInvis +     b - +3 dagger
rCold  + + .     Gourm    .     J - +0 robe of Bohig {rElec rPois Int+3} (curse)
rNeg   + + .     Faith    .     (no shield)
rPois  +         Spirit   .     H - +0 helmet
rElec  +         Dismiss  .     G - +0 cloak
rCorr  .         Reflect  +     (no gloves)
SustAt .         Harm     .     o - +0 pair of boots
MR     .....                    l - +2 amulet of reflection
Stlth  ++++++++..               q - ring of wizardry
                                y - ring of protection from cold

@: about to teleport, regenerating slowly, wreathed by umbra, not resistant to
hostile enchantments, extraordinarily stealthy
A: fangs 3, see invisible, unbreathing
a: Bat Form, Renounce Religion


You were on level 8 of the Dungeon.
You worshipped Dithmenos.
Dithmenos was aware of your devotion.
You were very thirsty.

You visited 2 branches of the dungeon, and saw 9 of its levels.

You collected 334 gold pieces.

Inventory:

Hand Weapons
 a - a +0 dagger of venom
 b - a +3 dagger (weapon)
 f - a +2 dagger of venom
Missiles
 s - 3 needles of confusion
Armour
 o - a +0 pair of boots (worn)
 G - a +0 cloak (worn)
 H - a +0 helmet (worn)
 J - the cursed +0 robe of Bohig (worn) {rElec rPois Int+3}
   (You found it on level 6 of the Dungeon)

   It affects your intelligence (+3).
   It insulates you from electricity.
   It protects you from poison.
   It has a curse placed upon it.
Jewellery
 i - an uncursed amulet of regeneration
 l - a +2 amulet of reflection (around neck)
 q - a ring of wizardry (right hand)
 y - a ring of protection from cold (left hand)
Wands
 u - a wand of lightning (8/15)
 w - a wand of lightning (6/15)
 I - a wand of paralysis (16/24)
Scrolls
 e - a scroll of amnesia
 h - 7 scrolls of remove curse
 j - 2 scrolls of noise
 k - 3 scrolls of fear
 n - a scroll of fog
 p - a scroll of immolation {unknown}
 v - a scroll of blinking {unknown}
 K - a scroll of summoning {unknown}
 L - a scroll of enchant armour {unknown}
Potions
 d - 17 potions of blood
 g - a potion of agility {unknown}
 m - 2 potions of invisibility {unknown}
 t - a potion of brilliance {unknown}
 x - 5 potions of degeneration {unknown}
 z - a potion of mutation {unknown}
 A - 3 potions of lignification {unknown}
 B - 5 potions of might {unknown}
 E - a potion of flight {unknown}
 F - a potion of magic {unknown}
Books
 c - a book of Maledictions

   Spells                             Type                      Level
   a - Corona                         Hexes                        1
   b - Ensorcelled Hibernation        Hexes/Ice                    2
   c - Confuse                        Hexes                        3
   d - Tukima's Dance                 Hexes                        3
   e - Dazzling Spray                 Conjuration/Hexes            3
 D - a book of Summonings

   Spells                             Type                      Level
   a - Recall                         Summoning/Translocation      3
   b - Aura of Abjuration             Summoning                    5
   c - Summon Demon                   Summoning                    5
   d - Summon Forest                  Summoning/Translocation      5
   e - Summon Mana Viper              Hexes/Summoning              5
   f - Shadow Creatures               Summoning                    6


   Skills:
 + Level 2.2 Fighting
 + Level 2.5 Short Blades
 + Level 4.6 Dodging
 + Level 13.5 Stealth
 + Level 6.1 Spellcasting
 + Level 0.9 Conjurations
 + Level 8.8 Hexes
 + Level 4.7 Ice Magic


You had 11 spell levels left.
You knew the following spells:

 Your Spells              Type           Power        Failure   Level  Hunger
a - Corona                Hex            #####..      1%          1    None
b - Ensorcelled Hibernat  Hex/Ice        ####..       1%          2    None
c - Dazzling Spray        Conj/Hex       ####....     2%          3    ##.....
d - Tukima's Dance        Hex            #####...     1%          3    ##.....


Dungeon Overview and Level Annotations

Branches:
Dungeon (8/15)             Temple (1/1) D:6
   Lair: D:8-11

Altars:
Ashenzari
Cheibriados
Dithmenos
Elyvilon
Fedhas
Gozag
Kikubaaqudgha
Makhleb
Nemelex Xobeh
Okawaru
Pakellas
Qazlal
Ru
Sif Muna
Trog
Vehumet
Xom
Yredelemnul
Zin
The Shining One

Shops:
D:7 *!**   D:8 ?


Innate Abilities, Weirdness & Mutations

You heal slowly.
You have razor-sharp teeth.
You have supernaturally acute eyesight.
You can survive without breathing.


Message History

The shadow imp gestures at you. Pain shoots through your body!
The centaur shoots an arrow.
The arrow hits you!
* * * LOW HITPOINT WARNING * * *
Things that are here:
an arrow; a dagger of chaos; a robe The shadow imp gestures at you.
You resist with significant effort. The shadow imp gestures at you.
Pain shoots through your body!
* * * LOW HITPOINT WARNING * * *
The centaur shoots an arrow.
You reflect the arrow off an invisible shield around you!
The arrow barely misses the centaur.
Read which item? (? for menu, Esc to quit)
As you read the scroll of teleportation, it crumbles to dust.
You feel strangely unstable. The shadow imp completely misses you.
The centaur shoots an arrow.
The arrow hits you.
You die...

..........## ............#
# .............##..
..()............### #####
.................. ...
....# ................# ...
...># ................##.#
..(.# .. ...........@..#...
###..$.# ...
..........5#..####......#
...
#.####.###..##...(#....#
#.#
#...†.c.....(..(..(....#
#.#
######..#..#..(#######....#
#.####......###.....# ....#
.......###### #......#
##### #..##### #..#.##..#
..## ...##># ....


You could see a centaur and a shadow imp.

Vanquished Creatures
  Joseph (D:7)
  Psyche (D:8)
  A wyvern (D:8)
  A hog (D:7)
  A hippogriff (D:7)
  A human (D:7)
  2 hungry ghosts (D:7)
  Edmund (D:7)
  A black bear (D:8)
  A phantom (D:6)
  An ice beast (D:6)
  3 necrophages
  2 ogres
  A centaur (D:6)
  A crocodile (D:7)
  Blork the orc (D:5)
  A big kobold (D:7)
  4 giant frogs
  A crimson imp (D:6)
  2 hounds
  2 orc wizards
  2 iguanas
  9 worker ants
  3 sheep (D:7)
  A hound zombie (D:7)
  A worker ant zombie (D:7)
  Robin (D:4)
  10 adders
  3 shadow imps
  2 oozes (D:1)
  A worm (D:2)
  3 dart slugs
  6 giant geckos
  9 orcs
  A ball python (D:3)
  5 bats
  5 giant cockroaches
  15 goblins
  11 hobgoblins
  6 kobolds
  A quokka (D:6)
  6 giant newts
  A jackal skeleton (D:5)
  13 rats
  3 butterflies (D:6)
148 creatures vanquished.

Notes
Turn   | Place    | Note
--------------------------------------------------------------
     0 | D:1      | dohliylev the Vampire Enchanter began the quest for the Orb.
     0 | D:1      | Reached XP level 1. HP: 13/13 MP: 3/3
   104 | D:1      | Reached skill level 5 in Stealth
   135 | D:1      | Reached XP level 2. HP: 13/19 MP: 5/5
   139 | D:1      | Learned a level 2 spell: Ensorcelled Hibernation
   343 | D:1      | Found a glowing golden altar of the Shining One.
   673 | D:1      | Reached XP level 3. HP: 24/24 MP: 6/6
   949 | D:3      | Reached skill level 6 in Stealth
   997 | D:3      | Found a white marble altar of Elyvilon.
  1031 | D:4      | Noticed Robin
  1203 | D:4      | Noticed an ogre
  1206 | D:4      | Killed an ogre
  1206 | D:4      | Reached skill level 7 in Stealth
  1206 | D:4      | Reached skill level 1 in Ice Magic
  1206 | D:4      | Reached XP level 4. HP: 30/30 MP: 3/8
  1234 | D:5      | Entered Level 5 of the Dungeon
  1348 | D:5      | Reached skill level 8 in Stealth
  1348 | D:5      | Reached XP level 5. HP: 24/35 MP: 0/9
  1653 | D:5      | Noticed Blork the orc
  1663 | D:5      | Killed Blork the orc
  1758 | D:4      | Noticed Edmund
  2107 | D:2      | Reached XP level 6. HP: 40/42 MP: 10/10
  2219 | D:2      | Reached skill level 9 in Stealth
  2237 | D:2      | Learned a level 3 spell: Dazzling Spray
  2241 | D:2      | Learned a level 3 spell: Tukima's Dance
  2831 | D:3      | Found an oddly glowing altar of Pakellas.
  3312 | D:4      | Found a deep blue altar of Sif Muna.
  3376 | D:4      | Found a bloodstained altar of Trog.
  3480 | D:4      | Killed Robin
  4123 | D:5      | Reached skill level 1 in Fighting
  4149 | D:5      | Found an iron altar of Okawaru.
  4205 | D:5      | Reached skill level 10 in Stealth
  4206 | D:5      | Found a burning altar of Makhleb.
  4348 | D:6      | Reached XP level 7. HP: 37/48 MP: 0/12
  4455 | D:6      | Found a staircase to the Ecumenical Temple.
  4465 | Temple   | Entered the Ecumenical Temple
  4486 | Temple   | Became a worshipper of Dithmenos the Shadowed
  5149 | D:6      | Reached skill level 5 in Hexes
  5541 | D:6      | Got a faintly glowing robe
  5552 | D:6      | Identified the cursed +0 robe of Bohig {rElec rPois Int+3} (You found it on level 6 of the Dungeon)
  5741 | D:6      | Reached skill level 11 in Stealth
  5741 | D:6      | Reached XP level 8. HP: 39/54 MP: 2/14
  5921 | D:7      | Found Icyopp's Distillery.
  5952 | D:7      | Found a snail-covered altar of Cheibriados.
  5956 | D:7      | Found a radiant altar of Vehumet.
  6028 | D:7      | Noticed Joseph
  6156 | D:7      | Killed Joseph
  6156 | D:7      | Reached skill level 12 in Stealth
  6156 | D:7      | Reached skill level 5 in Spellcasting
  6346 | D:7      | Found a shimmering altar of Xom.
  6494 | D:7      | Reached XP level 9. HP: 56/61 MP: 2/16
  6554 | D:7      | Reached * piety under Dithmenos
  6780 | D:7      | Found a glowing silver altar of Zin.
  6783 | D:7      | Found a blossoming altar of Fedhas.
  6791 | D:7      | Found Herusch's Assorted Antiques.
  6812 | D:7      | Found Soabej's Assorted Antiques.
  6853 | D:7      | Killed Edmund
  7100 | D:7      | Found Koyboexe's General Store.
  7520 | D:8      | Found Jenuem's Magic Scroll Emporium.
  7528 | D:8      | Reached skill level 13 in Stealth
  7582 | D:8      | Noticed Psyche
  7718 | D:8      | Killed Psyche
  7735 | D:8      | HP: 3/61 [shadow imp/nerve-wracking pain (11)]
  7741 | D:8      | Shot with an arrow by a centaur

Vault maps used:
D:1:      mainiacjoe_arrival_reflecting_pool, tso_altar
D:3:      elyvilon_altar_1, lemuel_crystal_altar, first_bread
D:4:      nicolae_overflow_crystal_walls, led_sif_pool, uniq_edmund, uniq_robin
D:5:      kennysheep_mini_moat, marbit_many_paths, corexii_leaking_fountain,
          minmay_fountain_box, uniq_blork_the_orc
D:6:      minmay_temple_entry_butterflies
D:7:      grunt_temple_overflow_open, serial_shops, nicolae_shop_trees, shop,
          kennysheep_mini, shop, grunt_livestock, grunt_tough_drop, uniq_joseph
D:8:      serial_shops, nicolae_shop_statue_plus, uniq_psyche
Temple:   minmay_temple_bridge_a_8

Skill      XL: |  1  2  3  4  5  6  7  8  9 |
---------------+----------------------------+-----
Stealth        | 5 7 8 10 11 12 13 | 13.5
Ice Magic      | 1 2 3 4 |  4.7
Spellcasting   | 3 4 5 6 |  6.1
Fighting       | 1 2 |  2.2
Hexes          | 5 7 8 |  8.8
Dodging        | 3 4 |  4.6
Short Blades   | 2 |  2.5
Conjurations   | |  0.9

Action                   |  1- 3 |  4- 6 |  7- 9 || total
-------------------------+-------+-------+-------++-------
Melee: Dagger            |    68 |   108 |   184 ||   360
 Cast: Ensorcelled Hiber |     9 |    43 |    68 ||   120
       Corona            |     3 |     1 |    13 ||    17
       Dazzling Spray    |       |     4 |    26 ||    30
 Abil: End Transformatio |       |     4 |     2 ||     6
       Bat Form          |       |     4 |     2 ||     6
  Use: Potion            |       |     1 |     8 ||     9
       Scroll            |       |       |    10 ||    10
 Stab: Sleeping          |    21 |    40 |    47 ||   108
       Distracted        |       |       |     2 ||     2
       Invisible         |       |       |     1 ||     1
